 Dungeon Crawl Stone Soup version 0.29.0-4-gdea44cf6ec (webtiles) character file.

Game seed: 18205243814899730107

570 qw the Chopper (level 7, 0/40 HPs)
             Began as a Tengu Warper on Aug 28, 2022.
             Succumbed to a scorpion's poison
             ... on level 5 of the Dungeon.
             The game lasted 00:00:24 (4185 turns).

qw the Chopper (Tengu Warper)                       Turns: 4185, Time: 00:00:25

Health: 0/40       AC: 13    Str: 13    XL:     7   Next: 34%
Magic:  11/11      EV:  3    Int: 14    God:
Gold:   146        SH: 10    Dex: 16    Spells: 10/10 levels left

rFire   . . .      SeeInvis .   Y - +3 hand axe
rCold   . . .      Faith    .   c - +1 kite shield "Wuj Hahi" {rCorr}
rNeg    . . .      Spirit   .   i - +0 plate armour
rPois   .          Reflect  .   (helmet restricted)
rElec   .          Harm     .   (no cloak)
rCorr   +          Rampage  .   f - +0 pair of gloves {Dex+3}
Will    .....                   (boots unavailable)
Stlth   ..........              (no amulet)
HPRegen 0.13/turn               (no ring)
MPRegen 0.12/turn               (no ring)

@: lethally poisoned (0 -> -3), flying quickly and evasively, quick
A: beak, talons 3, nimble flight
a: no special abilities


You were on level 5 of the Dungeon.
You visited 1 branch of the dungeon, and saw 5 of its levels.

You collected 282 gold pieces.
You spent 136 gold pieces at shops.


Innate Abilities, Weirdness & Mutations

You have a beak for a mouth.
You have claws for feet.
Your magical nature lets you fly swiftly and evasively.


   Skills:
 - Level 2.0 Fighting
 - Level 6.3 Axes
 - Level 1.0 Throwing
 - Level 4.7 Armour
 - Level 2.1 Dodging
 + Level 2.8 Shields
 - Level 2.0 Spellcasting
 - Level 2.4 Translocations


You had 10 spell levels left.
You didn't know any spells.
Your spell library contained the following spells:

 Spells                   Type           Power      Damage    Failure   Level
 Blink                    Tloc           16%        N/A       100%        2
 Gell's Gravitas          Tloc           8%         N/A       100%        3
 Lesser Beckoning         Tloc           8%         N/A       100%        3
 Teleport Other           Tloc           8%         N/A       100%        3
 Manifold Assault         Tloc           8%         N/A       100%        5

Inventory:

Hand Weapons
 g - a +2 whip of flaming
 Y - a +3 hand axe (weapon)
Armour
 c - the +1 kite shield "Wuj Hahi" (worn) {rCorr}
   (You acquired it on level 4 of the Dungeon)

   rCorr:     It protects you from acid and corrosion.
 f - a +0 pair of gloves of dexterity (worn)
 i - a +0 plate armour (worn)
Jewellery
 o - a ring of resist corrosion
Scrolls
 j - a scroll of identify
Potions
 a - a potion of mutation
 b - a potion of curing
 k - a potion of haste
 l - a potion of invisibility {unknown}
 m - a potion of flight {unknown}
 p - a potion of cancellation {unknown}

Dungeon Overview and Level Annotations

Branches:
Dungeon (5/15)
 Temple: D:4-7

Altars:
Hepliaklqana
The Shining One

Shops:
D:4 ?

Annotations:
D:1 1 transporter


Message History

You peck the kobold brigand.
The kobold brigand is severely wounded.
You hit the worm. You hit the scorpion but do no damage.
You feel sick.
You are no longer poisoned.
You block the scorpion's attack.
The kobold brigand hits you but does no damage.
The worm bites you!
You closely miss the kobold brigand.
You claw the kobold brigand, but do no damage.
The kobold brigand is severely wounded.
You hit the scorpion. You hit the worm.
The scorpion stings you but does no damage.
The kobold brigand hits you but does no damage.
The scorpion stings you but does no damage.
You closely miss the kobold brigand.
You peck the kobold brigand, but do no damage.
The kobold brigand is severely wounded.
You hit the worm. You hit the scorpion but do no damage.
You block the kobold brigand's attack. You block the worm's attack.
The scorpion stings you.
You are lethally poisoned!
The scorpion poisons you! The kobold brigand barely misses you.
You slash the kobold brigand!
You kill the kobold brigand!
You hit the worm. You hit the scorpion but do no damage.
You feel sick. You block the scorpion's attack. You block the worm's attack.
You hit the worm.
You kill the worm!
You hit the scorpion but do no damage.
You feel sick. You block the scorpion's attack.
The scorpion stings you but does no damage.
You hit the scorpion. Your kick misses the scorpion.
The scorpion is almost dead.
You feel sick.
A vampire comes into view.
The scorpion stings you but does no damage.
You closely miss the scorpion. You peck the scorpion.
You kill the scorpion!
You die...

.......# ......#
...).# $....# ##
.V..### #..###....#
##.........#
#(....)@...#
..|...%....#######
.................#
#................#
.................####
##+#####+##.........#
#####.....# #.....#
######%....+


You could see a vampire.

Vanquished Creatures
  Sigmund (D:3)
  A phantom (D:4)
  A kobold brigand (D:5)
  2 scorpions (D:5)
  A hound (D:3)
  Terence (D:2)
  Robin (D:4)
  6 adders
  A worm (D:5)
  2 dart slugs (D:3)
  2 orcs (D:4)
  9 ball pythons
  3 bats
  6 endoplasms
  2 giant cockroaches
  15 goblins
  7 hobgoblins
  7 jackals (D:1)
  8 kobolds
  5 quokkas
  3 frilled lizards (D:3)
  5 rats
89 creatures vanquished.

Notes
Turn   | Place    | Note
-------+----------+-------------------------------------------
     0 | D:1      | qw the Tengu Warper began the quest for the Orb.
     0 | D:1      | Reached XP level 1. HP: 12/12 MP: 4/4
     0 | D:1      | 0 ||| qw: Version: 0.1-a-89-g26bdef1
     0 | D:1      | 0 ||| qw: Game counter: 1435
     0 | D:1      | 0 ||| qw: Always use a shield: true
     0 | D:1      | 0 ||| qw: God list: Okawaru
     0 | D:1      | 0 ||| qw: Allow faded altars: false
     0 | D:1      | 0 ||| qw: Do Orc after D:15 true
     0 | D:1      | 0 ||| qw: Do second Lair branch before Depths: true
     0 | D:1      | 0 ||| qw: Lair rune preference: random
     0 | D:1      | 0 ||| qw: Plans: Normal
     0 | D:1      | 0 ||| PLANNING D:1-11
    28 | D:1      | HP: 3/12 [jackal (3)]
   286 | D:1      | Reached XP level 2. HP: 17/17 MP: 6/6
   336 | D:1      | 336 ||| Stepping ~*~*~tactically~*~*~ (stealth).
   341 | D:1      | Reached skill level 3 in Axes
   568 | D:1      | 568 ||| Stepping ~*~*~tactically~*~*~ (stealth).
   714 | D:1      | Reached XP level 3. HP: 21/21 MP: 7/7
  1092 | D:1      | 1092 ||| READING scroll labelled BALIUCLUCWOU.
  1093 | D:1      | 1093 ||| READING scroll labelled QUESIN PEPO.
  1094 | D:1      | 1094 ||| READING scroll labelled ZYZEVA NODUE.
  1095 | D:1      | 1095 ||| DROPPING scroll of blinking.
  1171 | D:2      | Noticed Terence
  1180 | D:2      | Killed Terence
  1181 | D:2      | Reached skill level 4 in Axes
  1435 | D:2      | Reached XP level 4. HP: 26/26 MP: 8/8
  1729 | D:2      | 1729 ||| UPGRADING to +0 pair of gloves of dexterity.
  1734 | D:2      | 1734 ||| UPGRADING to +0 ring mail.
  1744 | D:2      | 1744 ||| DROPPING +0 leather armour.
  1745 | D:2      | 1745 ||| UPGRADING to +0 plate armour.
  1755 | D:2      | 1755 ||| DROPPING +0 ring mail.
  1756 | D:2      | 1756 ||| UPGRADING to ring of resist corrosion.
  1757 | D:2      | 1757 ||| READING scroll labelled KIRUDO GOSUBLA.
  1758 | D:2      | 1758 ||| READING scroll labelled GYIFEC BUMEIDY.
  1759 | D:2      | 1759 ||| DRINKING 2 murky black potions.
  1776 | D:3      | 1776 ||| STAIRDANCE
  1915 | D:3      | 1915 ||| DROPPING +0 whip.
  2025 | D:3      | 2025 ||| Stepping ~*~*~tactically~*~*~ (hiding).
  2030 | D:3      | Found a glowing golden altar of the Shining One.
  2137 | D:3      | Found a hazy altar of Hepliaklqana.
  2193 | D:3      | Noticed Sigmund
  2201 | D:3      | Killed Sigmund
  2202 | D:3      | Gained mutation: Your magical nature lets you fly swiftly
                  | and evasively. [Tengu growth]
  2202 | D:3      | Reached XP level 5. HP: 16/30 MP: 9/9
  2202 | D:3      | Reached XP level 6. HP: 19/35 MP: 10/10
  2554 | D:3      | Reached skill level 5 in Axes
  2753 | D:3      | 2753 ||| READING scroll labelled GUICUNEFOK.
  2758 | D:3      | 2758 ||| READING scroll labelled REUNIKU CYPNI.
  2759 | D:3      | 2759 ||| READING scroll labelled ETHUIN LEXZUOF.
  2860 | D:3      | 2860 ||| DRINKING 2 bubbling inky potions.
  2861 | D:3      | 2861 ||| READING 3 scrolls of identify.
  2861 | D:3      | 2861 ||| IDENTIFYING lumpy cyan potion
  2862 | D:3      | 2862 ||| READING 2 scrolls of identify.
  2862 | D:3      | 2862 ||| IDENTIFYING fizzy sapphire potion
  2863 | D:3      | 2863 ||| DROPPING potion of berserk rage.
  2887 | D:4      | 2887 ||| STAIRDANCE
  2995 | D:4      | 2995 ||| READING scroll of enchant weapon.
  2995 | D:4      | 2995 ||| ENCHANTING +1 hand axe.
  3021 | D:4      | Reached skill level 6 in Axes
  3283 | D:4      | Found Tielunu's Magic Scroll Emporium.
  3297 | D:4      | 3297 ||| Stepping ~*~*~tactically~*~*~ (stealth).
  3327 | D:4      | 3327 ||| BUYING scroll of enchant weapon (97 gold).
  3327 | D:4      | Bought a scroll of enchant weapon for 97 gold pieces
  3327 | D:4      | 3327 ||| BUYING scroll of teleportation (39 gold).
  3327 | D:4      | Bought a scroll of teleportation for 39 gold pieces
  3327 | D:4      | 3327 ||| READING scroll of enchant weapon.
  3327 | D:4      | 3327 ||| ENCHANTING +2 hand axe.
  3334 | D:4      | Noticed Robin
  3335 | D:4      | 3335 ||| Stepping ~*~*~tactically~*~*~ (hiding).
  3336 | D:4      | 3336 ||| Stepping ~*~*~tactically~*~*~ (hiding).
  3341 | D:4      | Killed Robin
  3352 | D:4      | 3352 ||| Stepping ~*~*~tactically~*~*~ (stealth).
  3353 | D:4      | 3353 ||| Stepping ~*~*~tactically~*~*~ (stealth).
  3499 | D:4      | 3499 ||| Stepping ~*~*~tactically~*~*~ (stealth).
  3500 | D:4      | 3500 ||| Stepping ~*~*~tactically~*~*~ (stealth).
  3615 | D:4      | 3615 ||| Stepping ~*~*~tactically~*~*~ (stealth).
  3898 | D:4      | 3898 ||| READING scroll labelled NADYZE NASA.
  3899 | D:4      | 3899 ||| READING scroll labelled EHUFEM XUTOF.
  3899 | D:4      | Identified a scroll of acquirement
  3899 | D:4      | 3899 ||| ACQUIRING +1 kite shield "Wuj Hahi" {rCorr}
  3899 | D:4      | Acquired the +1 kite shield "Wuj Hahi" {rCorr}
  3901 | D:4      | 3901 ||| UPGRADING to +1 kite shield "Wuj Hahi" {rCorr}.
  3906 | D:4      | 3906 ||| REMOVING ring of resist corrosion.
  3907 | D:4      | 3907 ||| READING 2 scrolls of identify.
  3907 | D:4      | 3907 ||| IDENTIFYING black potion
  3908 | D:4      | 3908 ||| DROPPING potion of brilliance.
  3909 | D:4      | 3909 ||| READING scroll of teleportation.
  3917 | D:5      | Entered Level 5 of the Dungeon
  3924 | D:5      | Reached XP level 7. HP: 39/40 MP: 11/11
  3943 | D:5      | Reached skill level 1 in Shields
  4179 | D:5      | HP: 7/40 [worm (9)]
  4182 | D:5      | HP: 3/40 [poisoned by a scorpion]
  4183 | D:5      | HP: 1/40 [poisoned by a scorpion]
  4184 | D:5      | Noticed a vampire
  4185 | D:5      | Succumbed to a scorpion's poison

Levels and vault maps discovered:
D:1:      spicycebolla_arrival_risky_transporter, layout_loops_ring,
          minmay_misc_feat_columns
D:2:      layout_basic, uniq_terence
D:3:      layout_loops_cross, jmf_multi_god_temple, uniq_sigmund
D:4:      layout_basic, serial_shops, shop, uniq_robin
D:5:      layout_basic, minmay_temple_entry_glass, minmay_manual_moon, uniq_ijyb

Skill      XL: |  1  2  3  4  5  6  7 |
---------------+----------------------+-----
Axes           | 3 4 6 |  6.3
Armour         | 4 |  4.7
Shields        | 2 |  2.8
Fighting       | |  2.0
Throwing       | |  1.0
Dodging        | |  2.1
Spellcasting   | |  2.0
Translocations | |  2.4

Action                   |  1- 3 |  4- 6 |  7- 9 || total
-------------------------+-------+-------+-------++-------
Melee: Hand axe          |    61 |    96 |    27 ||   184
       Kick              |    12 |    15 |     6 ||    33
       Peck              |     3 |    16 |     5 ||    24
       Punch             |     1 |     1 |       ||     2
Throw: Boomerang         |    15 |    25 |       ||    40
       Javelin           |     2 |    35 |     1 ||    38
  Use: Scroll            |     3 |    13 |       ||    16
       Potion            |       |     2 |       ||     2
Armor: Leather armour    |    25 |     2 |       ||    27
       Plate armour      |       |    43 |    22 ||    65
Dodge: Dodged            |    24 |    18 |     7 ||    49
Block: Kite shield       |       |       |    22 ||    22

Table legend:
 A = Non-vault XP
 B = Vault XP
 C = Vault XP percentage of total XP
 D = Non-vault monster count
 E = Vault monster count
 F = Vault count percentage of total count
                 A         B        C        D         E       F
            +---------+---------+-------+---------+---------+-------
      Total |     424 |     471 |  52.6 |      72 |      17 |  19.1
            +---------+---------+-------+---------+---------+-------
        D:1 |      39 |       0 |   0.0 |      21 |       0 |   0.0
        D:2 |      35 |      32 |  47.8 |      14 |       1 |   6.7
        D:3 |      90 |     220 |  71.0 |      19 |       3 |  13.6
        D:4 |     160 |      30 |  15.8 |      16 |       9 |  36.0
        D:5 |     100 |     189 |  65.4 |       2 |       4 |  66.7
            +---------+---------+-------+---------+---------+-------
